 Dungeon Crawl Stone Soup version 0.25-a0-471-g78e40d7af6 (webtiles) character file.

Game seed: 16648332125801789007, levelgen mode: deterministic

126 Araneus the Cudgeler (level 4, -8/35 HPs)
             Began as a Demonspawn Chaos Knight on Feb 6, 2020.
             Was a Plaything of Xom.
             Mangled by a worm (10 damage)
             ... on level 2 of the Dungeon.
             The game lasted 00:07:08 (2452 turns).

Araneus the Cudgeler (Demonspawn Chaos Knight)      Turns: 2452, Time: 00:07:09

Health: -8/35      AC:  5    Str: 13    XL:     4   Next: 83%
Magic:  4/4        EV: 11    Int: 13    God:    Xom [....*.]
Gold:   70         SH:  0    Dex: 13    Spells: 3/3 levels left

rFire    . . .     SeeInvis .   a - +0 mace (chaos)
rCold    . . .     Gourm    .   (no shield)
rNeg     . . .     Faith    .   b - +2 leather armour
rPois    .         Spirit   .   (helmet restricted)
rElec    .         Reflect  .   (no cloak)
rCorr    .         Harm     .   (no gloves)
MR       .....                  (no boots)
Stlth    +.........             (no amulet)
HPRegen  0.11/turn              (no ring)
MPRegen  0.09/turn              (no ring)

@: no status effects
A: horns 1
a: Renounce Religion


You were on level 2 of the Dungeon.
You worshipped Xom.
You were a beloved toy of Xom.
You were not hungry.

You visited 1 branch of the dungeon, and saw 3 of its levels.

You collected 70 gold pieces.

Inventory:

Hand Weapons
 a - a +0 mace of chaos (weapon)
Armour
 b - a +2 leather armour (worn)
Scrolls
 e - 3 scrolls of identify {unknown}
 g - a scroll of remove curse {unknown}
 i - a scroll of blinking {unknown}
 j - a scroll of teleportation {unknown}
 k - a scroll of fog {unknown}
 m - a scroll of noise {unknown}
Potions
 n - a potion of agility {unknown}
Comestibles
 c - 3 rations
 l - 5 chunks of flesh


   Skills:
 - Level 3.0 Fighting
 * Level 5.1 Maces & Flails
 - Level 1.7 Armour
 - Level 0.8 Dodging


You had 3 spell levels left.
You didn't know any spells.
Your spell library was empty.

Dungeon Overview and Level Annotations

Branches:
Dungeon (3/15)

Altars:
Trog
Xom


Innate Abilities, Weirdness & Mutations

You have a pair of small horns on your head.


Message History

You are starting to lose your buoyancy.
The moth of wrath goads the worm on!
The worm goes berserk!
The worm bites you.
You are too injured to fight recklessly!
You hit the worm. You freeze the worm.
The worm is lightly wounded.
The worm bites you but does no damage.
You hit the worm. Your headbutt misses the worm.
The worm is moderately wounded.
The worm bites you!
* * * LOW HITPOINT WARNING * * *
A shower of butterflies erupts from you!
You thump the worm!
The worm is heavily wounded.
You float gracefully downwards.
The worm misses you. The worm completely misses you.
The worm barely misses you.
You swap places.
The worm bites you!
You die...

#.##.#.## ##...
####.##.#.# ##..
#.)..###### ##'
#.####....##########.
#.###.......##.......
#.##.........##......
#.##....#....##......
#.##...###...)#...#..
#..†@.b#y#._..#.....<
####.w.###....#...÷..
#....#b..)##......
#.......).####..#.
##......)## ####.
##....### #. ######
#. #. #.


You could see a moth of wrath and a worm (berserk).

Vanquished Creatures
  Natasha (D:2)
  2 adders (D:2)
  2 oozes
  4 worms
  A dart slug (D:2)
  A ball python (D:2)
  5 goblins (D:1)
  11 hobgoblins
  4 jackals (D:1)
  7 kobolds
  2 quokkas (D:2)
  8 bats
  5 frilled lizards
  4 rats
57 creatures vanquished.

Vanquished Creatures (others)
  A worm (D:2)
1 creature vanquished.

Grand Total: 58 creatures vanquished

Notes
Turn   | Place    | Note
-------+----------+-------------------------------------------
     0 | D:1      | Araneus the Demonspawn Chaos Knight began the quest for the
                  | Orb.
     0 | D:1      | Reached XP level 1. HP: 18/18 MP: 1/1
   124 | D:1      | Reached skill level 3 in Maces & Flails
   167 | D:1      | XOM: harmless Chrm miscast
   225 | D:1      | XOM: harmless Air miscast
   259 | D:1      | Gained mutation: You have a pair of small horns on your
                  | head. [demonic ancestry]
   259 | D:1      | Reached XP level 2. HP: 15/24 MP: 2/2
   683 | D:1      | XOM: silly message
   898 | D:1      | Reached XP level 3. HP: 29/29 MP: 3/3
  1391 | D:2      | Found a bloodstained altar of Trog.
  1391 | D:2      | XOM: 4-stop teleportation journey
  1395 | D:2      | Reached skill level 4 in Maces & Flails
  1410 | D:2      | XOM: scenery: create altars
  1441 | D:2      | Noticed Natasha
  1448 | D:2      | Killed Natasha
  1448 | D:2      | Reached XP level 4. HP: 21/35 MP: 4/4
  1622 | D:2      | XOM: scenery: create altars
  1624 | D:2      | XOM: 3-stop teleportation journey
  2095 | D:2      | XOM: god gift: 10 gold pieces
  2163 | D:2      | Reached skill level 5 in Maces & Flails
  2357 | D:2      | Noticed a moth of wrath
  2443 | D:2      | HP: 1/35 [worm (13)]
  2443 | D:2      | XOM: butterfly on damage
  2452 | D:2      | Mangled by a worm

Levels and vault maps discovered:
D:1:      dpeg_cavernosity, layout_basic
D:2:      layout_loops_corners, tgw_trog, uniq_natasha
D:3:      layout_loops_ring, tso_oasis_becter

Skill      XL: |  1  2  3  4 |
---------------+-------------+-----
Maces & Flails | 3 4 5 |  5.1
Fighting       | |  3.0
Armour         | |  1.7
Dodging        | |  0.8

Action                   |  1- 3 |  4- 6 || total
-------------------------+-------+-------++-------
Melee: Mace              |    94 |    99 ||   193
       Headbutt          |     8 |    20 ||    28
  Use: Potion            |       |     3 ||     3
 Stab: Sleeping          |       |     1 ||     1
  Eat: Chunk             |     2 |     3 ||     5
Armor: Leather armour    |    43 |    21 ||    64
Dodge: Dodged            |    40 |    50 ||    90

Table legend:
 A = Non-vault XP
 B = Vault XP
 C = Vault XP percentage of total XP
 D = Non-vault monster count
 E = Vault monster count
 F = Vault count percentage of total count
                 A         B        C        D         E       F
            +---------+---------+-------+---------+---------+-------
      Total |     127 |      53 |  29.4 |      49 |       9 |  15.5
            +---------+---------+-------+---------+---------+-------
        D:1 |      42 |       6 |  12.5 |      22 |       4 |  15.4
        D:2 |      79 |      47 |  37.3 |      25 |       5 |  16.7
        D:3 |       6 |       0 |   0.0 |       2 |       0 |   0.0
            +---------+---------+-------+---------+---------+-------
